 Dungeon Crawl Stone Soup version 0.28-a0-655-g4eb62b627b (webtiles) character file.

Game seed: 11350707377300978462

431 sleeves the Slasher (level 6, -1/47 HPs)
             Began as a Demonspawn Fighter on Oct 12, 2021.
             Succumbed to Ijyb's poison
             ... on level 4 of the Dungeon.
             The game lasted 00:05:26 (4483 turns).

sleeves the Slasher (Demonspawn Fighter)            Turns: 4483, Time: 00:05:27

Health: -1/47      AC:  6    Str: 16    XL:     6   Next: 67%
Magic:  6/6        EV:  9    Int: 14    God:
Gold:   80         SH:  4    Dex: 12    Spells: 5/5 levels left

rFire   + . .      SeeInvis .   u - +0 scimitar
rCold   . . .      Faith    .   c - +0 buckler
rNeg    . . .      Spirit   .   b - +0 scale mail
rPois   .          Reflect  .   (helmet restricted)
rElec   .          Harm     .   f - scarf {shadows}
rCorr   .          Rampage  .   (no gloves)
Will    .....                   (no boots)
Stlth   ..........              (no amulet)
HPRegen 0.15/turn               q - ring of protection from fire
MPRegen 0.10/turn               (no ring)

@: mighty, lethally poisoned (-1 -> -10), attractive, flying
A: antennae 2, big brain 1, condensation shield
a: no special abilities


You were on level 4 of the Dungeon.
You visited 1 branch of the dungeon, and saw 4 of its levels.

You collected 80 gold pieces.

Inventory:

Hand Weapons
 u - a +0 scimitar (weapon)
   (You took it off Blork the orc on level 4 of the Dungeon)
Armour
 b - a +0 scale mail (worn)
 c - a +0 buckler (worn)
 f - a scarf of shadows (worn)
   (You found it on level 1 of the Dungeon)
Jewellery
 q - a ring of protection from fire (left hand)
   (You found it on level 3 of the Dungeon)
Wands
 l - a wand of charming (9)
   (You found it on level 2 of the Dungeon)
 o - a wand of flame (8)
   (You found it on level 2 of the Dungeon)
Scrolls
 a - a scroll of holy word {unknown}
 m - a scroll of teleportation {unknown}
 n - a scroll of identify {unknown}
 p - a scroll of acquirement {unknown}
 s - a scroll of noise {unknown}
Potions
 e - a potion of flight
 g - a potion of mutation {unknown}
 h - 2 potions of heal wounds {unknown}
 i - 2 potions of attraction
 j - a potion of degeneration {unknown}
 k - a potion of brilliance {unknown}
 t - a potion of lignification {unknown}


   Skills:
 - Level 3.0 Fighting
 + Level 6.6 Long Blades
 - Level 2.6 Armour
 + Level 2.7 Shields


You had 5 spell levels left.
You didn't know any spells.
Your spell library contained the following spells:

 Spells                   Type           Power      Damage    Failure   Level
 Call Canine Familiar     Summ           0%         N/A       98%         3
 Ozocubu's Armour         Ice            0%         N/A       98%         3
 Portal Projectile        Hex/Tloc       0%         N/A       98%         3
 Leda's Liquefaction      Hex/Erth       0%         N/A       100%        4
 Metabolic Englaciation   Hex/Ice        0%         N/A       100%        5
 Simulacrum               Ice/Necr       0%         N/A       100%        6


Dungeon Overview and Level Annotations

Branches:
Dungeon (4/15)
 Temple: D:4-7

Altars:
Ashenzari
Wu Jian

Annotations:
D:4 Edmund, Ijyb


Innate Abilities, Weirdness & Mutations

You have a pair of antennae on your head.
You have an unusually large brain. (Int +2)
A meltable shield of frost defends you. (SH +0)


Message History

The rat bites you but does no damage. The rat closely misses you.
Your Long Blades skill increases to level 4!
You have reached level 4!
You feel clever.
Your demonic ancestry asserts itself...
Frost condenses into a shield before you.
You closely miss the rat. You block the rat's attack.
The rat barely misses you.
You slash the rat!
You kill the rat!
You start resting.
You feel yourself speed up.
You start resting.
HP restored.
You see here the felid corpse of Natasha.
You see here the felid skeleton of Natasha.
Found a stone staircase leading up.
Found 13 poisoned darts.
There is a stone staircase leading up here.
You see here 13 poisoned darts.
Natasha, Servant of Life and Death comes into view.
Natasha hisses angrily.
Natasha is nearby!
Natasha is nearby!
Natasha howls an incantation.
Natasha shimmers violently.
You block Natasha's attack.
You barely miss Natasha.
Natasha howls an incantation.
You feel disoriented. Natasha barely misses you.
You barely miss Natasha. Natasha claws you but does no damage.
You barely miss Natasha. Natasha casts a spell at you.
You feel yourself slow down.
You slash Natasha!
Natasha is heavily wounded.
Natasha casts a spell.
Natasha claws you but does no damage.
You closely miss Natasha.
Natasha is heavily wounded.
Natasha claws you but does no damage. Natasha casts a spell at you.
The magic dart hits you.
You slash Natasha!
You kill Natasha!
Natasha screams in pain as she dies!
The crimson imp disappears in a puff of smoke!
No target in view!
No target in view!
You see here a +0 leather armour.
Natasha, Servant of Life and Death comes into view.
Natasha is nearby!
Natasha is nearby!
Natasha is nearby!
You hit Natasha but do no damage.
You feel yourself speed up. Natasha claws you but does no damage.
Natasha claws you.
You barely miss Natasha.
Natasha stares at you and mumbles some strange words.
The magic dart hits you!
You are too injured to fight recklessly!
You are too injured to fight recklessly!
You are too injured to fight recklessly!
You slash Natasha!
Natasha is heavily wounded.
Natasha stares at you and mumbles some strange words.
You feel yourself slow down. You block Natasha's attack.
You barely miss Natasha.
Natasha is heavily wounded.
Natasha claws you but does no damage. You block Natasha's attack.
You hit Natasha but do no damage.
Natasha is heavily wounded.
Natasha claws you but does no damage. Natasha claws you.
* * * LOW HITPOINT WARNING * * *
You hit Natasha.
Natasha is severely wounded.
You block Natasha's attack.
You closely miss Natasha.
Natasha is severely wounded.
You block Natasha's attack. Natasha claws you.
* * * LOW HITPOINT WARNING * * *
You slash Natasha!
You kill Natasha!
You feel Natasha's spirit has finally been put to rest.
i - 2 puce potions (gained 1)
You feel yourself speed up.
Key pressed, stopping explore.
Found a robe.
n - a scroll labelled RIECIP METHRE
There is a shaft here.
i - 3 puce potions (gained 1)
There is a stone staircase leading down here.
Found a stone staircase leading up.
There is a stone staircase leading up here.
o - a wand of flame (15) No target in view!
No target in view!
There is a stone staircase leading up here.
You see here 18 arrows.
There is a stone staircase leading down here.
An adder comes into view.
The adder hisses angrily.
An adder is nearby!
(D) Dungeon
Where to? (Enter - D:2, ? - help)
Okay, then.
You hit the adder.
The adder is moderately wounded.
The adder bites you but does no damage.
You slash the adder!
You kill the adder!
No target in view!
p - a scroll labelled JARUEQ VYL GERGH Done exploring.
Done exploring.
Done exploring.
Done exploring.
Done exploring.
Done exploring.
Done exploring.
(D) Dungeon
Where to? (Enter - D:2, ? - help)
There is a stone staircase leading down here.
You climb downwards.
The hobgoblin shouts!
The kobold shouts!
Found a hunting sling, a book of Winter and a hand axe.
Found a stone staircase leading down.
There is a stone staircase leading up here.
There are monsters nearby!
There are monsters nearby!
There are monsters nearby!
There are monsters nearby!
There are monsters nearby!
An endoplasm comes into view.
The kobold throws a poisoned dart.
The poisoned dart closely misses you.
The endoplasm jiggles.
You block the hobgoblin's attack.
You closely miss the kobold. The kobold closely misses you.
You block the hobgoblin's attack. The kobold hits you with a +0 whip.
Your shield and scale mail prevent you from hitting the kobold.
The hobgoblin hits you. You block the kobold's attack.
You block the hobgoblin's attack.
You hit the kobold.
You kill the kobold!
The hobgoblin hits you but does no damage.
You hit the endoplasm.
The endoplasm is heavily wounded.
The endoplasm hits you.
The hobgoblin hits you but does no damage.
You hit the endoplasm.
You kill the endoplasm!
The hobgoblin hits you but does no damage.
You closely miss the hobgoblin. You block the hobgoblin's attack.
You hit the hobgoblin.
You kill the hobgoblin!
No target in view!
No target in view!
HP restored.
Things that are here:
a +0 whip; 8 poisoned darts An endoplasm comes into view.
Found a faded altar of an unknown god.
The endoplasm quivers.
An endoplasm is nearby!
You hit the endoplasm.
The endoplasm is severely wounded.
You block the endoplasm's attack.
You completely miss the endoplasm.
The endoplasm is severely wounded.
The endoplasm closely misses you.
You slash the endoplasm!
You kill the endoplasm!
You have reached level 5!
A ball python comes into view.
Found a ruby ring and a brown potion.
The ball python hisses angrily.
You see here a book of Winter.
You pick up a book of Winter and begin reading...
You add the spells Ozocubu's Armour, Metabolic Englaciation and Simulacrum to your library.
You hit the ball python.
The ball python is heavily wounded.
The ball python bites you but does no damage.
You block the ball python's attack.
The ball python bites you but does no damage.
You block the ball python's attack.
You barely miss the ball python.
The ball python is heavily wounded.
The ball python bites you but does no damage.
The ball python completely misses you.
The ball python bites you but does no damage.
You block the ball python's attack.
You slash the ball python!
You kill the ball python!
No target in view!
Okay, then.
A gnoll comes into view. It is wielding a +0 flail.
The gnoll shouts!
You hear a shout! x3
A gnoll comes into view. It is wielding a +0 club.
An endoplasm comes into view.
You hear a shout!
There are monsters nearby!
There are monsters nearby!
There are monsters nearby!
A goblin comes into view. It is wielding a +0 club.
The endoplasm jiggles.
Found 12 sling bullets.
The gnoll barely misses you. You block the gnoll's attack.
You barely miss the gnoll. The gnoll hits you with a +0 flail.
You hit the gnoll but do no damage. The gnoll hits you but does no damage.
The gnoll hits you with a +0 flail.
You hit the gnoll but do no damage. The gnoll hits you with a +0 flail.
You barely miss the gnoll. The gnoll hits you with a +0 flail!
You are too injured to fight recklessly!
You are too injured to fight recklessly!
You are too injured to fight recklessly!
You hit the gnoll.
The gnoll is lightly wounded.
You block the gnoll's attack.
You slash the gnoll!
The gnoll is severely wounded.
The gnoll hits you with a +0 flail.
You hit the gnoll.
The gnoll is severely wounded.
The gnoll hits you with a +0 flail.
* * * LOW HITPOINT WARNING * * *
You hit the gnoll.
You kill the gnoll!
You slash the gnoll!
The gnoll is severely wounded.
You block the gnoll's attack. The gnoll closely misses you.
You barely miss the gnoll.
The gnoll is severely wounded.
The endoplasm jiggles.
The gnoll hits you with a +0 club.
* * * LOW HITPOINT WARNING * * *
You barely miss the gnoll.
The gnoll is severely wounded.
The gnoll barely misses you.
You slash the gnoll!
You kill the gnoll!
Your Long Blades skill increases to level 5!
You barely miss the endoplasm. The endoplasm barely misses you.
You completely miss the endoplasm. The endoplasm hits you.
* * * LOW HITPOINT WARNING * * *
You hit the endoplasm but do no damage. The endoplasm freezes you.
You are frozen.
* * * LOW HITPOINT WARNING * * *
You hit the endoplasm.
The endoplasm is lightly wounded.
The endoplasm closely misses you.
You hit the endoplasm.
The endoplasm is moderately wounded.
The endoplasm completely misses you. The endoplasm freezes you.
You are frozen.
* * * LOW HITPOINT WARNING * * *
You slash the endoplasm!
You kill the endoplasm!
A gnoll comes into view. It is wielding a +0 club.
The gnoll shouts!
Things that are here:
a +0 club; a +0 flail; a gnoll corpse You see here a +0 hunting sling.
There is a stone staircase leading up here.
You climb upwards.
There is a stone staircase leading down here.
You start resting.
HP restored.
You climb downwards.
The gnoll shouts!
You hear a shout!
You block the gnoll's attack.
There is a stone staircase leading up here.
You closely miss the gnoll. You block the gnoll's attack.
You barely miss the gnoll. You block the gnoll's attack.
The gnoll hits you with a +0 club.
You hit the gnoll.
The gnoll is moderately wounded.
A hobgoblin comes into view.
The gnoll barely misses you.
The gnoll hits you from afar with a +0 spear.
You slash the gnoll!
The gnoll is severely wounded.
The gnoll hits you with a +0 club.
The gnoll hits you from afar with a +0 spear!
You are too injured to fight recklessly!
The gnoll hits you with a +0 club.
The gnoll hits you from afar with a +0 spear!
* * * LOW HITPOINT WARNING * * *
You climb upwards.
There is a stone staircase leading down here.
Unknown command.
You slash the gnoll!
You kill the gnoll!
You start resting.
HP restored.
You see here a +0 club.
There is a stone staircase leading down here.
You climb downwards.
Found a stone staircase leading down.
There is a stone staircase leading up here.
A bat comes into view.
A bat is nearby!
A bat is nearby!
A bat is nearby!
You block the bat's attack.
You slash the bat!
You kill the bat!
No target in view!
No target in view!
There is a stone staircase leading up here.
There is a stone staircase leading down here.
An orc comes into view. It is wielding a +0 club.
An orc is nearby!
The orc hits you with a +0 club.
You hit the orc.
The orc is heavily wounded.
The orc hits you with a +0 club. You block the orc's attack.
You hit the orc.
The orc is almost dead.
The orc hits you with a +0 club.
You closely miss the orc.
The orc is almost dead.
The orc closely misses you.
You barely miss the orc.
The orc is almost dead.
The orc hits you with a +0 club.
You slash the orc!
You kill the orc!
No target in view!
A hobgoblin is nearby!
A hobgoblin is nearby!
The hobgoblin shouts!
You block the hobgoblin's attack.
You barely miss the hobgoblin. You block the hobgoblin's attack.
You hit the hobgoblin.
You kill the hobgoblin!
No target in view!
HP restored.
The gnoll shouts!
Things that are here:
a +0 club; a +0 leather armour The gnoll barely misses you.
The gnoll hits you with a +0 spear.
You barely miss the gnoll. The gnoll barely misses you.
You hit the gnoll but do no damage. You block the gnoll's attack.
You closely miss the gnoll. You block the gnoll's attack.
You slash the gnoll!
The gnoll is severely wounded.
You block the gnoll's attack.
You slash the gnoll!
You kill the gnoll!
You slash the goblin!
You kill the goblin!
No target in view!
You now have 60 gold pieces (gained 10).
You see here a staff of poison.
q - a ring of protection from fire
q - a ring of protection from fire (left hand)
h - 2 brown potions (gained 1)
There is a stone staircase leading down here.
Things that are here:
a +0 flail; a +0 club You see here 12 sling bullets.
Found a whip.
r - a potion of curing
Found 20 stones.
A hobgoblin comes into view.
The hobgoblin shouts!
A hobgoblin is nearby!
Things that are here:
a book of the Hunter; 17 stones An orc comes into view.
It is wielding a +0 club.
The orc shouts!
You closely miss the hobgoblin.
The hobgoblin hits you but does no damage.
You hit the hobgoblin.
The hobgoblin is almost dead.
The hobgoblin hits you but does no damage.
You hit the hobgoblin.
You kill the hobgoblin!
The orc hits you but does no damage.
You hit the orc but do no damage. You block the orc's attack. x2
You closely miss the orc. You block the orc's attack.
You barely miss the orc. You block the orc's attack.
You closely miss the orc. The orc hits you but does no damage.
You closely miss the orc. The orc hits you but does no damage.
You hit the orc.
The orc is lightly wounded.
You block the orc's attack.
You hit the orc but do no damage.
The orc is lightly wounded.
The orc hits you with a +0 club.
You hit the orc.
The orc is almost dead.
You block the orc's attack.
You barely miss the orc.
The orc is almost dead.
The orc barely misses you. The orc hits you with a +0 club.
You closely miss the orc.
The orc is almost dead.
The orc barely misses you.
You closely miss the orc.
The orc is almost dead.
The orc hits you but does no damage.
You slash the orc!
You kill the orc!
No target in view!
Things that are here:
a +0 club; a +0 leather armour; an orc corpse You pick up a book of the Hunter and begin reading...
You add the spells Call Canine Familiar, Portal Projectile and Leda's Liquefaction to your library.
You see here 17 stones.
Okay, then.
Okay, then.
You don't know any spells.
Okay, then.
You open the door.
Found a broken altar of Ashenzari.
There is an open door here.
There is a broken altar of Ashenzari here.
There is an open door here.
Found 18 bolts.
Found 19 arrows.
Found a +0 club.
Found a stone staircase leading down.
A bat comes into view.
You see here 4 gold pieces.
A bat is nearby!
A bat is nearby!
A bat is nearby!
The bat hits you but does no damage. x2
You hit the bat.
You kill the bat!
You now have 64 gold pieces (gained 4).
Found a whip.
Found 25 sling bullets.
You sense a monster nearby.
An adder comes into view.
The adder bites you but does no damage.
You barely miss the adder. You block the adder's attack.
You closely miss the adder. You block the adder's attack. The adder misses you.
You hit the adder but do no damage. You block the adder's attack.
You hit the adder.
The adder is lightly wounded.
You block the adder's attack. The adder bites you but does no damage.
You closely miss the adder.
The adder is lightly wounded.
The adder barely misses you.
You closely miss the adder.
The adder is lightly wounded.
The adder barely misses you. The adder closely misses you.
You miss the adder.
The adder is lightly wounded.
The adder closely misses you.
You barely miss the adder.
The adder is lightly wounded.
The adder bites you but does no damage. You block the adder's attack.
You slash the adder!
You kill the adder!
No target in view!
No target in view!
You enter the shallow water.
Moving in this stuff is going to be slow.
There is an open door here.
You open the door.
There is an open door here.
There is an open door here.
There is an open door here.
Key pressed, stopping explore.
A hobgoblin comes into view.
The hobgoblin shouts!
A hobgoblin is nearby!
A hobgoblin is nearby!
A hobgoblin is nearby!
A rat comes into view.
The rat closely misses you.
You barely miss the rat. You block the rat's attack.
A hobgoblin comes into view.
The hobgoblin hits you but does no damage.
You closely miss the rat. The rat closely misses you.
The hobgoblin hits you but does no damage.
You closely miss the rat. You block the rat's attack.
The hobgoblin hits you but does no damage.
You slash the rat!
You kill the rat!
The hobgoblin hits you.
You hit the hobgoblin.
The hobgoblin is almost dead.
The hobgoblin hits you.
You hit the hobgoblin but do no damage.
The hobgoblin is almost dead.
The hobgoblin closely misses you. You block the hobgoblin's attack.
You closely miss the hobgoblin.
The hobgoblin is severely wounded.
The hobgoblin hits you.
You slash the hobgoblin!
You kill the hobgoblin!
A worm comes into view.
No reachable target in view!
No reachable target in view!
A worm is nearby!
No reachable target in view!
A worm is nearby!
No reachable target in view!
A worm is nearby!
Found an ornate altar of the Wu Jian Council.
You block the hobgoblin's attack.
You barely miss the hobgoblin. The hobgoblin hits you.
You hit the hobgoblin.
You kill the hobgoblin!
You see here a hobgoblin corpse.
The worm bites you! Why would you want to do that?
You hit the worm.
The worm is lightly wounded.
You barely miss the worm.
The worm is lightly wounded.
The worm bites you.
You hit the worm.
The worm is lightly wounded.
The worm bites you!
* * * LOW HITPOINT WARNING * * *
You hit the worm but do no damage.
The worm is lightly wounded.
You hit the worm.
The worm is lightly wounded.
The worm bites you.
* * * LOW HITPOINT WARNING * * *
You slash the worm!
The worm is severely wounded.
The worm bites you.
* * * LOW HITPOINT WARNING * * *
You completely miss the worm.
The worm is severely wounded.
There is a stone staircase leading up here.
You climb upwards.
There is a stone staircase leading down here.
You start resting.
You climb downwards.
There is a stone staircase leading up here.
A worm is nearby!
A worm is nearby!
A worm is nearby!
A worm is nearby!
You are too injured to fight recklessly!
You are too injured to fight recklessly!
You are too injured to fight recklessly!
You swing at nothing.
You swing at nothing.
You swing at nothing.
You swing at nothing.
You hit the worm.
The worm is moderately wounded.
You barely miss the worm.
The worm is moderately wounded.
The worm bites you.
You hit the worm.
The worm is heavily wounded.
The worm bites you!
* * * LOW HITPOINT WARNING * * *
You slash the worm!
You kill the worm!
You swing at nothing.
You swing at nothing.
You start resting.
HP restored.
There is a stone staircase leading down here.
Key pressed, stopping explore.
An endoplasm comes into view.
The endoplasm quivers.
An endoplasm is nearby!
An endoplasm is nearby!
Found a stone staircase leading up.
You block the endoplasm's attack.
You hit the endoplasm.
The endoplasm is almost dead.
The endoplasm hits you but does no damage.
You slash the endoplasm!
You kill the endoplasm!
You now have 70 gold pieces (gained 6).
A quokka comes into view.
The quokka bites the plant.
The plant begins to die.
No reachable target in view!
A quokka is nearby!
A quokka is nearby!
No reachable target in view!
No reachable target in view!
No reachable target in view!
A quokka is nearby!
The quokka bites the plant.
The plant begins to die.
The quokka bites the plant.
The plant begins to die.
A nearby plant withers and dies.
You hit the quokka.
The quokka is moderately wounded.
A nearby plant withers and dies.
You block the quokka's attack.
You closely miss the quokka.
The quokka is moderately wounded.
A nearby plant withers and dies.
The quokka completely misses you.
You slash the quokka!
You kill the quokka!
You enter the shallow water.
Moving in this stuff is going to be slow.
You see here a quokka corpse.
You enter the shallow water.
Moving in this stuff is going to be slow.
You enter the shallow water.
Moving in this stuff is going to be slow.
You see here a +0 whip.
Key pressed, stopping explore.
You see here 25 sling bullets.
You enter the shallow water.
Moving in this stuff is going to be slow.
Done exploring.
Done exploring.
Done exploring.
Done exploring.
(D) Dungeon
Where to? (Enter - D:2 @ (x,y), ? - help)
There is a stone staircase leading down here.
You climb downwards.
The hobgoblin shouts!
Found a quarterstaff and a dagger.
There is a stone staircase leading up here.
A hobgoblin is nearby!
There's nothing to open nearby.
A hobgoblin is nearby!
A hobgoblin is nearby!
The hobgoblin closely misses you.
You barely miss the hobgoblin. The hobgoblin barely misses you.
You hit the hobgoblin.
You kill the hobgoblin!
No target in view!
No target in view!
There is a stone staircase leading up here.
Found a stone staircase leading down.
Found 13 arrows.
s - a scroll labelled FEPPERIXTE
Found a stone staircase leading down.
No target in view!
No target in view!
No target in view!
(D) Dungeon
Where to? (Enter - D:4, ? - help)
Okay, then.
Found 17 arrows.
An endoplasm and an orc come into view.
The orc shouts!
An orc wizard comes into view. It is wielding a +0 dagger.
An orc comes into view. It is wielding a +0 club.
There are monsters nearby!
There are monsters nearby!
There are monsters nearby!
The orc wizard shouts!
The orc wizard gestures wildly while chanting.
The orc wizard flickers and vanishes!
Deactivating autopickup; reactivate with Ctrl-A.
There is a stone staircase leading up here.
You climb upwards.
Reactivating autopickup.
There is a stone staircase leading down here.
You barely miss the orc. You block the orc's attack.
You hit the orc.
The orc is lightly wounded.
The orc barely misses you.
You closely miss the orc.
The orc is lightly wounded.
The orc hits you but does no damage.
You barely miss the orc.
The orc is lightly wounded.
The orc hits you but does no damage.
You hit the orc.
The orc is almost dead.
You block the orc's attack. The orc misses you.
You hit the orc.
You kill the orc!
No target in view!
No target in view!
Things that are here:
a +0 mace; an orc corpse
There is a stone staircase leading down here.
You climb downwards.
There is a stone staircase leading up here.
The orc hits you with a +0 club.
You climb upwards.
There is a stone staircase leading down here.
You closely miss the orc. The orc barely misses you.
You closely miss the orc. You block the orc's attack.
You closely miss the orc. The orc hits you with a +0 club.
You block the orc's attack.
You hit the orc.
The orc is severely wounded.
The orc hits you but does no damage.
You slash the orc!
You kill the orc!
Things that are here:
a +0 club; an orc corpse
Things that are here:
a +0 club; an orc corpse
There is a stone staircase leading down here.
You start resting.
HP restored.
There is a stone staircase leading down here.
You climb downwards.
There is a stone staircase leading up here.
The orc wizard hits you but does no damage.
You slash the orc wizard!
The orc wizard is severely wounded.
The orc wizard barely misses you.
You barely miss the orc wizard.
The orc wizard is severely wounded.
The orc wizard hits you but does no damage.
You completely miss the orc wizard.
The orc wizard is severely wounded.
You block the orc wizard's attack.
You slash the orc wizard!
You kill the orc wizard!
No target in view!
No target in view!
Things that are here:
a +0 dagger; a +0 robe Menkaure, Prince of Dust comes into view.
Menkaure shouts!
Edmund the Younger comes into view.
He is wielding a +1 vorpal flail.
There are monsters nearby!
Menkaure casts a spell.
Menkaure seems to speed up.
Menkaure calls on the powers of darkness!
Your body is wracked with pain!
Aiming: Throw Flame
Press: ? - help, Shift-Dir - straight line, f - Menkaure
Aim: Menkaure (fast, 85% to hit)
The puff of flame hits Menkaure.
Menkaure is burned terribly!
Menkaure is moderately damaged.
Aiming: Throw Flame
Press: ? - help, Shift-Dir - straight line, f/p - Menkaure
Aim: Menkaure (moderately damaged, fast, 85% to hit)
The puff of flame hits Menkaure.
Menkaure is burned terribly!
Menkaure is moderately damaged.
Aiming: Throw Flame
Press: ? - help, Shift-Dir - straight line, f/p - Menkaure
Aim: Menkaure (moderately damaged, fast, 85% to hit)
The puff of flame hits Menkaure.
Menkaure is burned terribly!
Menkaure is heavily damaged.
Aiming: Throw Flame
Press: ? - help, Shift-Dir - straight line, f/p - Menkaure
Aim: Menkaure (heavily damaged, fast, 85% to hit)
The puff of flame hits Menkaure!
Menkaure is burned terribly!
Menkaure is almost destroyed.
You block Menkaure's attack.
Aiming: Throw Flame
Press: ? - help, Shift-Dir - straight line, f/p - Menkaure
Aim: Menkaure (almost destroyed, fast, 85% to hit)
The puff of flame hits Menkaure.
Menkaure is burned terribly!
You destroy Menkaure!
Your Long Blades skill increases to level 6!
You have reached level 6!
Your experience leads to an increase in your attributes!
Increase (S)trength, (I)ntelligence, or (D)exterity?
You feel clever.
Your demonic ancestry asserts itself...
The antennae on your head grow some more.
You start resting.
You sense a monster nearby.
You start resting.
An endoplasm is nearby!
You are too injured to fight recklessly!
You are too injured to fight recklessly!
You slash the endoplasm!
You kill the endoplasm!
HP restored.
You now have 80 gold pieces (gained 10).
Key pressed, stopping explore.
Found 18 arrows.
An endoplasm comes into view.
The endoplasm quivers.
An endoplasm is nearby!
An endoplasm is nearby!
You hit the endoplasm but do no damage. The endoplasm barely misses you.
You hit the endoplasm.
The endoplasm is severely wounded.
The endoplasm freezes you.
You are frozen.
You hit the endoplasm but do no damage.
The endoplasm is severely wounded.
The endoplasm freezes you.
You are frozen.
You barely miss the endoplasm.
The endoplasm is severely wounded.
The endoplasm hits you but does no damage.
An endoplasm is nearby!
You barely miss the endoplasm.
The endoplasm is severely wounded.
The endoplasm freezes you.
You are frozen.
You barely miss the endoplasm.
The endoplasm is severely wounded.
You block the endoplasm's attack.
You hit the endoplasm.
The endoplasm is almost dead.
The endoplasm freezes you.
You are frozen.
You hit the endoplasm.
You kill the endoplasm!
Blork the orc comes into view.
He is wielding a +0 scimitar.
Blork the orc shouts!
Blork the orc is nearby!
A giant cockroach comes into view.
There are monsters nearby!
Aiming: Charm
Press: ? - help, Shift-Dir - straight line, f - Blork the orc
Aim: Blork the orc, wielding a +0 scimitar and wearing a +0 robe (chance to affect: 46%)
Okay, then.
Unknown command.
Unknown command.
Aiming: Throw Flame
Press: ? - help, Shift-Dir - straight line, f - Blork the orc
Aim: Blork the orc, wielding a +0 scimitar and wearing a +0 robe (72% to hit)
The puff of flame hits Blork the orc.
Blork the orc is lightly wounded.
You hit Blork the orc.
Blork the orc is moderately wounded.
Blork the orc gestures at you while chanting.
The puff of frost hits you.
You completely miss Blork the orc.
Blork the orc is moderately wounded.
Blork the orc hits you with a +0 scimitar.
You barely miss Blork the orc.
Blork the orc is moderately wounded.
Blork the orc hits you with a +0 scimitar.
The giant cockroach barely misses you.
You slash Blork the orc!
Blork the orc is severely wounded.
Blork the orc casts a spell at you. The magic dart hits you!
You block the giant cockroach's attack.
You barely miss the giant cockroach.
The giant cockroach bites you but does no damage.
You block the giant cockroach's attack.
You hit the giant cockroach.
The giant cockroach is heavily wounded.
The giant cockroach closely misses you.
You hit the giant cockroach.
The giant cockroach is severely wounded.
You block the giant cockroach's attack.
You completely miss the giant cockroach.
The giant cockroach is severely wounded.
The giant cockroach bites you.
The giant cockroach bites you but does no damage.
You hit the giant cockroach.
You kill the giant cockroach!
You slash Blork the orc!
Blork the orc is almost dead.
Blork the orc closely misses you.
You closely miss Blork the orc.
Blork the orc is almost dead.
Blork the orc gestures at you while chanting.
The magic dart hits you!
* * * LOW HITPOINT WARNING * * *
You slash Blork the orc!
You kill Blork the orc!
t - a fizzy golden potion
Items here: ) [ ††.
u - a +0 scimitar You start resting.
HP restored.
u - a +0 scimitar (weapon)
Drop what? 21/52 slots (_ for help) (? for menu, Esc to quit)
You drop a +0 long sword.
e - 2 metallic emerald potions (gained 1)
a - a scroll labelled CEGEBR ABIA
Things that are here:
a +0 long sword; a +0 robe; the orc skeleton of Blork the orc You sense a monster nearby.
A kobold and a skeleton come into view.
The kobold shouts!
You hear a shout! x2
You closely miss the kobold. You block the kobold's attack.
You slash the kobold!
You kill the kobold!
A goblin comes into view. It is wielding a +0 club.
The goblin shouts!
Things that are here:
a +0 whip; a kobold corpse You closely miss the adder skeleton.
You block the adder skeleton's attack. x2
You hit the adder skeleton.
The adder skeleton is lightly damaged.
Ijyb the Twisted Goblin comes into view.
She is wielding a +1 dagger of venom and carrying a wand of flame (17).
You block the adder skeleton's attack.
You slash the adder skeleton!
The adder skeleton is severely damaged.
The adder skeleton closely misses you.
You barely miss the adder skeleton.
The adder skeleton is severely damaged.
The adder skeleton bites you but does no damage.
You slash the adder skeleton!
You destroy the adder skeleton!
You block the goblin's attack. Ijyb screams, "Me stronger than you!"
You block the goblin's attack.
You hit the goblin.
The goblin is moderately wounded.
You slash Ijyb!
Ijyb is heavily wounded.
You closely miss Ijyb.
Ijyb is heavily wounded.
Ijyb hits you but does no damage. You block the goblin's attack.
Ijyb closely misses you.
You barely miss Ijyb.
Ijyb is heavily wounded.
You block the goblin's attack.
Ijyb zaps a wand.
The puff of flame hits you.
Your condensation shield dissipates!
You resist.
You barely miss Ijyb.
Ijyb is heavily wounded.
The goblin barely misses you.
Ijyb hits you with a +1 dagger of venom.
You are poisoned.
You hit Ijyb.
Ijyb is heavily wounded.
You feel very sick. The goblin barely misses you.
Ijyb zaps a wand.
The puff of flame hits you. You resist. The goblin hits you but does no damage.
You hit Ijyb.
Ijyb is heavily wounded.
You feel sick. You block Ijyb's attack. The goblin barely misses you.
You barely miss Ijyb.
Ijyb is heavily wounded.
You feel sick. Ijyb hits you but does no damage.
You are more poisoned.
You block the goblin's attack.
You closely miss Ijyb.
Ijyb is heavily wounded.
You feel very sick.
Ijyb zaps a wand.
You block the puff of flame. The goblin hits you but does no damage.
You are too injured to fight recklessly!
You are too injured to fight recklessly!
You are too injured to fight recklessly!
You are too injured to fight recklessly!
You are too injured to fight recklessly!
You are too injured to fight recklessly!
You are too injured to fight recklessly!
You are too injured to fight recklessly!
You are too injured to fight recklessly!
You are too injured to fight recklessly!
You are too injured to fight recklessly!
You are too injured to fight recklessly!
You are too injured to fight recklessly!
You are too injured to fight recklessly!
Unknown command.
You feel sick. Ijyb hits you but does no damage.
You are more poisoned.
You feel very sick.
You feel sick.
Aiming: Throw Flame
Press: ? - help, Shift-Dir - straight line, f - Ijyb
Aim: Ijyb, wielding a +1 dagger of venom, wearing a +0 scale mail and carrying a wand of flame (14) (heavily wounded, 64% to hit)
The puff of flame hits Ijyb.
Ijyb is heavily wounded.
You feel sick.
Ijyb hits you with a +1 dagger of venom.
* * * LOW HITPOINT WARNING * * *
You are more poisoned.
You feel better. Ijyb hits you but does no damage.
You are poisoned.
You feel very mighty all of a sudden.
You feel sick.
Ijyb zaps a wand.
The puff of flame hits you. You resist.
* * * LOW HITPOINT WARNING * * *
You closely miss Ijyb.
Ijyb is heavily wounded.
You feel sick.
Ijyb zaps a wand.
The puff of flame hits you. You resist.
* * * LOW HITPOINT WARNING * * *
You closely miss Ijyb.
Ijyb is heavily wounded.
You feel sick.
Ijyb zaps a wand.
The puff of flame hits you. You resist.
* * * LOW HITPOINT WARNING * * *
You barely miss Ijyb.
Ijyb is heavily wounded.
You feel sick. Ijyb barely misses you.
Ijyb hits you with a +1 dagger of venom.
* * * LOW HITPOINT WARNING * * *
You are lethally poisoned!
You closely miss Ijyb.
Ijyb is heavily wounded.
* * * LOW HITPOINT WARNING * * *
You feel very sick. Ijyb barely misses you.
You slash Ijyb!
Ijyb is almost dead.
* * * LOW HITPOINT WARNING * * *
You feel very sick. Ijyb barely misses you.
It was a potion of attraction.
You feel attractive to monsters.
* * * LOW HITPOINT WARNING * * *
You feel very sick. Ijyb completely misses you.
It was a potion of flight.
You feel very buoyant.
You fly up into the air.
You die...

...........## #..# #
............# ##..###
............# #......
...........# #..#...
...........# ##.##... #
..........# #..###.. #
...###.{..# ##..##... ##
##........###### #..##..#. .#
#.(.#######g@...#####..##..##
.###..# ######.......#..###
.##..# #####..#...# # .....#
###...## .....# ##)## .#...#
#.## ##...# ##.# ###..# #.##
# #..## #..#


You could see Ijyb.

Vanquished Creatures
  Menkaure (D:4)
  Blork the orc (D:4)
  Natasha (thrice) (D:2)
  An orc wizard (D:4)
  4 gnolls
  2 adders
  An adder skeleton (D:4)
  2 worms
  2 dart slugs
  4 orcs (D:3)
  16 endoplasms
  A giant cockroach (D:4)
  2 goblins
  11 hobgoblins
  2 quokkas
  6 ball pythons
  5 bats
  3 frilled lizards (D:1)
  3 kobolds
  6 rats
76 creatures vanquished.

Vanquished Creatures (others)
  4 plants
4 creatures vanquished.

Grand Total: 80 creatures vanquished

Notes
Turn   | Place    | Note
-------+----------+-------------------------------------------
     0 | D:1      | sleeves the Demonspawn Fighter began the quest for the Orb.
     0 | D:1      | Reached XP level 1. HP: 18/18 MP: 1/1
    53 | D:1      | Reached skill level 2 in Long Blades
   151 | D:1      | HP: 8/18 [frozen (5)]
   153 | D:1      | Gained mutation: You have an unusually large brain. (Int
                  | +2) [demonic ancestry]
   153 | D:1      | Reached XP level 2. HP: 11/24 MP: 2/2
   731 | D:1      | Reached skill level 3 in Long Blades
   923 | D:1      | Gained mutation: You have a pair of small antennae on your
                  | head. [demonic ancestry]
   923 | D:1      | Reached XP level 3. HP: 26/29 MP: 3/3
  1483 | D:2      | Noticed Natasha
  1491 | D:2      | HP: 13/29 [Natasha (7)]
  1493 | D:2      | Killed Natasha
  1494 | D:2      | Reached skill level 4 in Long Blades
  1494 | D:2      | Gained mutation: A meltable shield of frost defends you.
                  | (SH +0) [demonic ancestry]
  1494 | D:2      | Reached XP level 4. HP: 17/35 MP: 4/4
  1724 | D:2      | Noticed Natasha
  1731 | D:2      | Killed Natasha
  1735 | D:2      | Noticed Natasha
  1742 | D:2      | HP: 16/35 [Natasha (5)]
  1745 | D:2      | Killed Natasha
  2188 | D:3      | Found a faded altar of an unknown god.
  2194 | D:3      | Reached XP level 5. HP: 41/41 MP: 5/5
  2219 | D:3      | HP: 18/41 [gnoll (3)]
  2225 | D:3      | Reached skill level 5 in Long Blades
  2226 | D:3      | HP: 16/41 [endoplasm (1)]
  2229 | D:3      | HP: 7/41 [frozen (5)]
  2495 | D:3      | HP: 15/41 [gnoll (8)]
  2937 | D:3      | Found a broken altar of Ashenzari.
  3110 | D:3      | Found an ornate altar of the Wu Jian Council.
  3119 | D:3      | HP: 19/41 [worm (7)]
  3122 | D:3      | HP: 8/41 [worm (6)]
  3253 | D:3      | HP: 17/41 [worm (8)]
  3864 | D:4      | Noticed Menkaure
  3864 | D:4      | Noticed Edmund
  3879 | D:4      | Killed Menkaure
  3880 | D:4      | Reached skill level 6 in Long Blades
  3880 | D:4      | Gained mutation: You have a pair of antennae on your head.
                  | [demonic ancestry]
  3880 | D:4      | Reached XP level 6. HP: 27/47 MP: 6/6
  4178 | D:4      | Noticed Blork the orc
  4192 | D:4      | HP: 16/47 [Blork the orc/magic dart (9)]
  4193 | D:4      | Killed Blork the orc
  4458 | D:4      | Noticed Ijyb
  4474 | D:4      | HP: 23/47 [poisoned by Ijyb]
  4479 | D:4      | HP: 17/47 [poisoned by Ijyb]
  4480 | D:4      | HP: 7/47 [poisoned by Ijyb]
  4482 | D:4      | HP: 1/47 [poisoned by Ijyb]
  4483 | D:4      | Succumbed to Ijyb's poison

Illustrated notes

Levels and vault maps discovered:
D:1:      dpeg_arrival_signposts, layout_basic, serial_bayou_crossing
D:2:      layout_rooms, uniq_natasha
D:3:      layout_rooms, mainiacjoe_overflow_six_doors_small,
          mainiacjoe_overflow_cross_hatched, dreamdust_ecumenical_altar_grove,
          serial_bayou_lagoon_a
D:4:      layout_cave_pods, uniq_menkaure, uniq_ijyb, uniq_edmund,
          uniq_blork_the_orc

Skill      XL: |  1  2  3  4  5 |
---------------+----------------+-----
Long Blades    | 2 3 4 6 |  6.6
Fighting       | |  3.0
Armour         | |  2.6
Shields        | |  2.7

Action                   |  1- 3 |  4- 6 || total
-------------------------+-------+-------++-------
Melee: Long sword        |   105 |   157 ||   262
       Scimitar          |       |    21 ||    21
Evoke: Wand              |       |     7 ||     7
  Use: Potion            |       |     4 ||     4
Armor: Scale mail        |    42 |    45 ||    87
Dodge: Dodged            |    49 |    46 ||    95
Block: Buckler           |    19 |    66 ||    85

Table legend: (Time is in decaauts)
 A = Elapsed time spent in this place.
 B = Non-inter-level travel time spent in this place.
 C = Inter-level travel time spent in this place.
 D = Time resting spent in this place.
 E = Time spent auto-exploring this place.
 F = Levels seen in this place.
 G = Mean time per level.
                   A        B        C        D        E       F      G
               +--------+--------+--------+--------+--------+-----+--------+
         Total |   4597 |   4500 |     97 |   1064 |   2730 |   4 | 1149.2 |
       Dungeon |   4597 |   4500 |     97 |   1064 |   2730 |   4 | 1149.2 |
               +--------+--------+--------+--------+--------+-----+--------+

Top non-repeatable levels by time:
     D:2: 1696 daAuts
     D:1: 1086 daAuts
     D:3: 1074 daAuts
     D:4: 740 daAuts
